 Dungeon Crawl Stone Soup version 0.30-a0-222-ge547ba4400 (webtiles) character file.

Game seed: 17577337283201755331

17 MrRokkomies the Sneak (level 2, 25/25 HPs)
             Began as an Armataur Brigand on Oct 8, 2022.
             Was a Follower of Vehumet.
             Quit the game on level 1 of the Dungeon.
             The game lasted 00:01:54 (492 turns).

MrRokkomies the Sneak (Armataur Brigand)             Turns: 492, Time: 00:01:54

Health: 25/25      AC:  5    Str: 22    XL:     2   Next: 44%
Magic:  2/2        EV:  9    Int: 11    God:    Vehumet [*.....]
Gold:   41         SH:  0    Dex: 11    Spells: 1/1 levels left

rFire   . . .      SeeInvis .    a - +2 dagger
rCold   . . .      Faith    .    (no shield)
rNeg    . . .      Spirit   .    b - +0 robe
rPois   .          Reflect  .    (no helmet)
rElec   .          Harm     .    c - +0 cloak
rCorr   .          Roll     +    (no gloves)
Will    .....                    (no barding)
Stlth   ++........               (no amulet)
HPRegen 0.24/turn                i - +6 ring of strength
MPRegen 0.08/turn                (no ring)

@: no status effects
A: large, rugged brown scales 3, deformed body, armoured tail, roll, long
tongue, awkward tongue
a: Renounce Religion


You were on level 1 of the Dungeon.
You worshipped Vehumet.
Vehumet was aware of your devotion.
You visited 1 branch of the dungeon, and saw 1 of its levels.

You collected 41 gold pieces.

Inventory:

Hand Weapons
 a - a +2 dagger (weapon)
Missiles
 d - 9 poisoned darts (quivered)
 e - 3 curare-tipped darts
Armour
 b - a +0 robe (worn)
 c - a +0 cloak (worn)
Jewellery
 i - a +6 ring of strength (left hand)
Scrolls
 f - 2 scrolls of identify {unknown}
 g - a scroll of fear {unknown}
 j - a scroll of enchant armour {unknown}
Potions
 h - a potion of berserk rage {unknown}


   Skills:
 * Level 2.2 Fighting
 * Level 2.1 Short Blades
 - Level 1.7 Throwing
 + Level 1.0 Dodging
 + Level 4.5 Stealth


You had one spell level left.
You didn't know any spells.
Your spell library contained the following spells:

 Spells                   Type           Power      Damage    Failure   Level
 Kiss of Death            Conj/Necr      0%         2d5       34%         1
 Cigotuvi's Dreadful Rot  Necr/Pois/Air  0%         N/A       47%         2
 Dispel Undead            Necr           0%         3d6       98%         4
 Death Channel            Necr           0%         N/A       100%        6


Dungeon Overview and Level Annotations

Branches:
Dungeon (1/15)

Altars:
Vehumet


Innate Abilities, Weirdness & Mutations

You are completely covered in rugged brown scales. (AC +3, +7% HP)
Armour fits poorly on your strangely shaped body.
You have a long armoured tail.
You roll when moving toward enemies. (Rampage)
Your long tongue fully drains potion bottles. (2x potion effects)
Your tongue gives you trouble enunciating. (1.5x scroll delay)


Message History

You add the spells Cigotuvi's Dreadful Rot, Dispel Undead and Death Channel to your library.
You see here a rat corpse.
i - a +6 ring of strength You feel stronger.
i - a +6 ring of strength (left hand)
A frilled lizard and an endoplasm come into view.
Found a scroll labelled VABOKU JUTESS.
The endoplasm quivers.
You roll towards the endoplasm!
You hit the endoplasm.
The endoplasm is severely wounded.
The frilled lizard hisses angrily.
You hit the endoplasm.
You kill the endoplasm!
You hit the frilled lizard.
The frilled lizard is heavily wounded.
The frilled lizard barely misses you.
You hit the frilled lizard.
You kill the frilled lizard!
No target in view!
No target in view!
j - a scroll labelled VABOKU JUTESS You open the door.
A goblin comes into view. It is wielding a +0 dagger.
You roll towards the goblin!
The helpless goblin fails to defend itself.
You puncture the goblin!
You kill the goblin!
Your Dodging skill increases to level 1!
No target in view!
You open the door.
Found a faded altar of an unknown god.
There is an open door here.
There is a faded altar of an unknown god here.
This altar belongs to (a) Lugonu, (b) Jiyva or (c) Vehumet, but you can't tell which.
Press the corresponding letter to learn more about a god, or press enter to convert or escape to cancel.
Vehumet accepts your prayer! Vehumet welcomes you!
You can now gain magical power from killing.
Vehumet offers you knowledge of Kiss of Death.
Are you sure you want to abandon this character and quit the game? (Confirm with "yes".)

#.#########.# #######
###.#8)#..#...# #.....#
#...#8.'..#...# #.....###
#.#.#..#..#8#.###........
#.#.####.####.........###
#.#.#.......#..........#
##.######........†..#..#######.#
............######..#..# #.#
#...#####.#.#...@#.#...# #.#
..... #...##'###.#...# #.## ###.
#...#......#...# #... .8#
#.#.#.....#....# #### §≈#
#.#.#######....# # .§# #.####.#
##...# # .≈#######.####.## ###.#
# .≈#.............######.# #
.≈####.##..............# #


There were no monsters in sight!

Vanquished Creatures
  6 endoplasms (D:1)
  2 giant cockroaches (D:1)
  A goblin (D:1)
  A frilled lizard (D:1)
  2 kobolds (D:1)
  4 rats (D:1)
16 creatures vanquished.

Notes
Turn   | Place    | Note
-------+----------+-------------------------------------------
     0 | D:1      | MrRokkomies the Armataur Brigand began the quest for the
                  | Orb.
     0 | D:1      | Reached XP level 1. HP: 18/18 MP: 1/1
   172 | D:1      | Reached XP level 2. HP: 25/25 MP: 2/2
   476 | D:1      | Reached skill level 1 in Dodging
   488 | D:1      | Found a faded altar of an unknown god.
   491 | D:1      | Prayed at the altar of an unknown god.
   491 | D:1      | Became a worshipper of Vehumet
   491 | D:1      | Reached * piety under Vehumet
   491 | D:1      | Offered knowledge of Kiss of Death by Vehumet.
   492 | D:1      | Quit the game

Illustrated notes

Levels and vault maps discovered:
D:1:      lightli_arrival_noodles, layout_loops_ring,
          shapermc_ecumenical_altar_mp_vishouse

Skill      XL: |  1  2 |
---------------+-------+-----
Fighting       | 2 |  2.2
Short Blades   | 2 |  2.1
Dodging        | 1 |  1.0
Throwing       | |  1.7
Stealth        | |  4.5

Action                   || total
-------------------------++-------
Melee: Dagger            ||    20
       Tailslap          ||     3
 Stab: Sleeping          ||    10
Dodge: Dodged            ||     5

Table legend: (Time is in decaauts)
 A = Elapsed time spent in this place.
 B = Non-inter-level travel time spent in this place.
 C = Inter-level travel time spent in this place.
 D = Time resting spent in this place.
 E = Time spent auto-exploring this place.
 F = Levels seen in this place.
 G = Mean time per level.
                   A        B        C        D        E       F      G
               +--------+--------+--------+--------+--------+-----+--------+
         Total |    489 |    489 |      0 |      0 |    413 |   1 |  489.0 |
       Dungeon |    489 |    489 |      0 |      0 |    413 |   1 |  489.0 |
               +--------+--------+--------+--------+--------+-----+--------+

Top non-repeatable levels by time:
     D:1: 489 daAuts
